3AAA
SUNSET DISTRICT FOG @ ELLENBURG FIGHTING DACHSUNDS
06/06/2042
 
TOP OF THE 1ST
Sunset District Fog batting - Pitching for Ellenburg Fighting Dachsunds : LHP Zi-cheng Pei
Pitching: LHP Zi-cheng Pei
Batting: SHB Rafael Bregonzi 0-0: Ball
1-0: Called Strike
1-1: Fly out, F4 (Popup, 4M, EV 61.2 MPH)
Batting: RHB A.T. Tappman 0-0: Called Strike
0-1: SINGLE (Groundball, 56D, EV 101.2 MPH)
Batting: LHB Bradley Wilson 0-0: Ball
1-0: Ball
2-0: Called Strike
2-1: Ball
3-1: Base on Balls
A.T. Tappman to second
Batting: RHB Nicodemo Nardone 0-0: Ball
1-0: Ball
2-0: Ball
3-0: Called Strike
3-1: Swinging Strike
3-2: Foul Ball, location: 2F
3-2: Strikes out looking
Batting: LHB Flint Myers 0-0: Ball
1-0: Ball
2-0: Called Strike
2-1: Foul Ball, location: 2F
2-2: Foul Ball, location: 2F
2-2: Ball
3-2: Foul Ball, location: 2F
3-2: Foul Ball, location: 2F
3-2: Fly out, F8 (Flyball, 8RD, EV 91.9 MPH)
Top of the 1st over - 0 runs, 1 hit, 0 errors, 2 left on base; Sunset District 0 - Ellenburg 0
BOTTOM OF THE 1ST
Ellenburg Fighting Dachsunds batting - Pitching for Sunset District Fog : RHP Mark Walker
Pitching: RHP Mark Walker
Batting: LHB Javier Castro 0-0: Called Strike
0-1: Ball
1-1: DOUBLE (Line Drive, 8RXD, EV 100.6 MPH)
Batting: SHB Adam Clements 0-0: Ball
1-0: Ball
2-0: Swinging Strike
2-1: Foul Ball, location: 2F
2-2: Fly out, F3 (Line Drive, 3, EV 67.5 MPH)
Batting: LHB Mike Johnstone 0-0: Ground out 1-3 (Groundball, 13S, EV 69.4 MPH)
Javier Castro to third
Batting: RHB Jesse Garrett 0-0: Called Strike
0-1: Foul Ball, location: 2F
0-2: Strikes out looking
Bottom of the 1st over - 0 runs, 1 hit, 0 errors, 1 left on base; Sunset District 0 - Ellenburg 0
TOP OF THE 2ND
Sunset District Fog batting - Pitching for Ellenburg Fighting Dachsunds : LHP Zi-cheng Pei
Batting: RHB Denis Taylor 0-0: Ball
1-0: Swinging Strike
1-1: Ball
2-1: Called Strike
2-2: Strikes out looking
Batting: LHB Jorge Peniche 0-0: Called Strike
0-1: Ground out U3 (Groundball, 34S, EV 69.4 MPH)
Batting: LHB Dan Hines 0-0: Foul Ball, location: 2F
0-1: Called Strike
0-2: Strikes out looking
Top of the 2nd over - 0 runs, 0 hits, 0 errors, 0 left on base; Sunset District 0 - Ellenburg 0
BOTTOM OF THE 2ND
Ellenburg Fighting Dachsunds batting - Pitching for Sunset District Fog : RHP Mark Walker
Batting: LHB Wyatt Quick 0-0: Called Strike
0-1: Foul Ball, location: 2F
0-2: SINGLE (Groundball, 34D, EV 99.4 MPH)
Batting: RHB Sze Qi 0-0: Fielders Choice at 2nd, 6-4 (Groundball, 6, EV 86.9 MPH)
Batting: RHB Dean Bush 0-0: Foul Ball, location: 2F
0-1: Ball
1-1: Grounds into double play, 4-6-3 (Groundball, 4, EV 78.1 MPH)
Bottom of the 2nd over - 0 runs, 1 hit, 0 errors, 0 left on base; Sunset District 0 - Ellenburg 0
TOP OF THE 3RD
Sunset District Fog batting - Pitching for Ellenburg Fighting Dachsunds : LHP Zi-cheng Pei
Batting: LHB Juan Fuentes 0-0: Ground out 1-3 (Groundball, 15S, EV 68.1 MPH)
Batting: SHB Rafael Bregonzi 0-0: Foul Ball, location: 2F
0-1: Ball
1-1: Called Strike
1-2: Strikes out swinging
Batting: RHB A.T. Tappman 0-0: Swinging Strike
0-1: Fly out, F3 (Line Drive, 4, EV 68.8 MPH)
Top of the 3rd over - 0 runs, 0 hits, 0 errors, 0 left on base; Sunset District 0 - Ellenburg 0
BOTTOM OF THE 3RD
Ellenburg Fighting Dachsunds batting - Pitching for Sunset District Fog : RHP Mark Walker
Batting: RHB Jesús Méndez 0-0: Ball
1-0: Ball
2-0: Called Strike
2-1: SINGLE (Groundball, 4MD, EV 103.8 MPH)
Batting: RHB Kent Potter 0-0: Ball
1-0: Swinging Strike
1-1: Ball
2-1: Grounds into double play, 6-4-3 (Groundball, 56, EV 106.2 MPH)
Batting: LHB Javier Castro 0-0: Called Strike
0-1: Ball
1-1: Ball
2-1: Fly out, F8 (Line Drive, 8RM, EV 98.8 MPH)
Bottom of the 3rd over - 0 runs, 1 hit, 0 errors, 0 left on base; Sunset District 0 - Ellenburg 0
TOP OF THE 4TH
Sunset District Fog batting - Pitching for Ellenburg Fighting Dachsunds : LHP Zi-cheng Pei
Batting: LHB Bradley Wilson 0-0: Ball
1-0: Ball
2-0: Ball
3-0: Called Strike
3-1: Base on Balls
Batting: RHB Nicodemo Nardone Pickoff Throw to First - Out! 1-3
0-0: Fly out, F9 (Flyball, 9S, EV 73.8 MPH)
Batting: LHB Flint Myers 0-0: Called Strike
0-1: Single, Error in OF, E7, batter to second base (Line Drive, 7S, EV 100.6 MPH)
Batting: RHB Denis Taylor 0-0: Called Strike
0-1: Foul Ball, location: 2F
0-2: Strikes out swinging
Top of the 4th over - 0 runs, 1 hit, 1 error, 1 left on base; Sunset District 0 - Ellenburg 0
BOTTOM OF THE 4TH
Ellenburg Fighting Dachsunds batting - Pitching for Sunset District Fog : RHP Mark Walker
Batting: SHB Adam Clements 0-0: SINGLE (Groundball, 34, EV 95.0 MPH) (infield hit)
Batting: LHB Mike Johnstone 0-0: Ball
1-0: Ball
2-0: SINGLE (Flyball, 8RS, EV 88.8 MPH)
Adam Clements to second
Batting: RHB Jesse Garrett 0-0: Ball
1-0: DOUBLE (Line Drive, 9LS, EV 100.6 MPH)
Adam Clements scores
Mike Johnstone to third
Batting: LHB Wyatt Quick 0-0: Swinging Strike
0-1: Swinging Strike
0-2: DOUBLE (Line Drive, 78XD, EV 105.0 MPH)
Mike Johnstone scores
Jesse Garrett scores
Batting: RHB Sze Qi 0-0: Called Strike
0-1: Foul Ball, location: 2F
0-2: Foul Ball, location: 2F
0-2: Ball
1-2: Ball
2-2: Foul Ball, location: 2F
2-2: Foul Ball, location: 2F
2-2: Foul Ball, location: 2F
2-2: Ground out 5-3 (Groundball, 5S, EV 83.8 MPH)
Batting: RHB Dean Bush 0-0: Ball
1-0: Foul Ball, location: 2F
1-1: Called Strike
1-2: Ball
2-2: Fly out, F3 (Line Drive, 4, EV 75.0 MPH)
Batting: RHB Jesús Méndez 0-0: Ball
1-0: Called Strike
1-1: Ball
2-1: Ball
3-1: Base on Balls
Batting: RHB Kent Potter 0-0: Swinging Strike
0-1: Ball
1-1: DOUBLE (Line Drive, 78D, EV 106.9 MPH)
Wyatt Quick scores
Jesús Méndez to third
Runner from 3rd tries for Home, SAFE, throw by CF to trailing runner, OUT at third! 8-6-5
Bottom of the 4th over - 5 runs, 5 hits, 0 errors, 0 left on base; Sunset District 0 - Ellenburg 5
TOP OF THE 5TH
Sunset District Fog batting - Pitching for Ellenburg Fighting Dachsunds : LHP Zi-cheng Pei
Batting: LHB Jorge Peniche 0-0: Foul Ball, location: 2F
0-1: Fly out, F8 (Flyball, 8LD, EV 93.8 MPH)
Batting: LHB Dan Hines 0-0: Swinging Strike
0-1: Swinging Strike
0-2: Ball
1-2: Foul Ball, location: 2F
1-2: Ball
2-2: Strikes out swinging
Batting: LHB Juan Fuentes 0-0: Called Strike
0-1: Ball
1-1: Fly out, F8 (Flyball, 8RXD, EV 99.4 MPH)
Top of the 5th over - 0 runs, 0 hits, 0 errors, 0 left on base; Sunset District 0 - Ellenburg 5
BOTTOM OF THE 5TH
Ellenburg Fighting Dachsunds batting - Pitching for Sunset District Fog : RHP Mark Walker
Batting: LHB Javier Castro 0-0: Called Strike
0-1: Ball
1-1: Ball
2-1: Ball
3-1: Called Strike
3-2: Foul Ball, location: 2F
3-2: Foul Ball, location: 2F
3-2: Base on Balls
Pitching: RHP Fernando Varela
Batting: SHB Adam Clements 0-0: Called Strike
0-1: Ball
1-1: Fly out, F8 (Flyball, 78M, EV 90.6 MPH)
Batting: LHB Mike Johnstone 0-0: Ball
1-0: Ball
2-0: Called Strike
2-1: Swinging Strike
2-2: Ball
Javier Castro steals 2nd base
3-2: DOUBLE (Flyball, 78D, EV 101.9 MPH)
Javier Castro scores
Batting: RHB Jesse Garrett 0-0: Ball
1-0: Foul Ball, location: 2F
1-1: Foul Ball, location: 2F
1-2: Ground out 6-3 (Groundball, 6, EV 82.5 MPH)
Batting: LHB Wyatt Quick 0-0: Ball
1-0: Ball
2-0: Ball
3-0: Base on Balls
Batting: RHB Sze Qi 0-0: Called Strike
0-1: Ball
1-1: Fly out, F4 (Line Drive, 4, EV 76.2 MPH)
Bottom of the 5th over - 1 run, 1 hit, 0 errors, 2 left on base; Sunset District 0 - Ellenburg 6
TOP OF THE 6TH
Sunset District Fog batting - Pitching for Ellenburg Fighting Dachsunds : LHP Zi-cheng Pei
Batting: SHB Rafael Bregonzi 0-0: Ball
1-0: Swinging Strike
1-1: Ball
2-1: Ball
3-1: Ground out 1-3 (Groundball, P, EV 80.6 MPH)
Pitching: LHP Riley Evans
Batting: RHB A.T. Tappman 0-0: Foul Ball, location: 2F
0-1: Called Strike
0-2: Ball
1-2: Ball
2-2: Ball
3-2: Foul Ball, location: 2F
3-2: Ground out 5-3 (Groundball, 56, EV 84.4 MPH)
Batting: LHB Bradley Wilson 0-0: Called Strike
0-1: Fly out, F2 (Popup, 23F, EV 89.4 MPH)
Top of the 6th over - 0 runs, 0 hits, 0 errors, 0 left on base; Sunset District 0 - Ellenburg 6
BOTTOM OF THE 6TH
Ellenburg Fighting Dachsunds batting - Pitching for Sunset District Fog : RHP Fernando Varela
Batting: RHB Dean Bush 0-0: Ball
1-0: Ball
2-0: Called Strike
2-1: SINGLE (Groundball, 56D, EV 105.6 MPH)
Batting: RHB Jesús Méndez 0-0: Ball
1-0: Ball
2-0: Foul Ball, location: 2F
2-1: Fielders Choice at 2nd, 6-4 (Groundball, 56, EV 84.4 MPH)
Batting: RHB Kent Potter 0-0: Foul Ball, location: 2F
0-1: Called Strike
0-2: Ball
1-2: Ball
2-2: Ball
3-2: SINGLE (Flyball, 34D, EV 86.2 MPH)
Jesús Méndez to second
Jesús Méndez to third
Batting: LHB Javier Castro 0-0: Ball
1-0: Called Strike
Pickoff Throw to First - Out! 1-3
1-1: Ball
2-1: SINGLE (Groundball, 56D, EV 100.0 MPH)
Jesús Méndez scores
Batting: SHB Adam Clements 0-0: Called Strike
0-1: Ball
1-1: Ball
2-1: Ball
Wild Pitch!
Javier Castro to second
3-1: SINGLE (Groundball, 4, EV 81.2 MPH) (infield hit)
Javier Castro to third
Batting: LHB Mike Johnstone 0-0: Ball
1-0: Ball
2-0: Called Strike
2-1: Ball
3-1: Foul Ball, location: 2F
3-2: Base on Balls
Adam Clements to second
Batting: RHB Jesse Garrett 0-0: Foul Ball, location: 2F
0-1: Called Strike
0-2: Ball
1-2: Ball
2-2: SINGLE (Groundball, 56D, EV 99.4 MPH)
Javier Castro scores
Adam Clements to third
Mike Johnstone to second
Runner from 3rd tries for Home, SAFE, no throw by LF
Batting: LHB Wyatt Quick 0-0: Ball
1-0: Called Strike
1-1: SINGLE (Line Drive, 89M, EV 90.6 MPH)
Mike Johnstone to third
Jesse Garrett to second
Batting: RHB Sze Qi 0-0: Ball
1-0: Swinging Strike
1-1: Ball
2-1: Ball
3-1: Base on Balls
Mike Johnstone scores
Jesse Garrett to third
Wyatt Quick to second
Pitching: RHP Leen van den Bosch
Batting: RHB Dean Bush 0-0: SINGLE (Groundball, 4MD, EV 107.5 MPH)
Jesse Garrett scores
Wyatt Quick to third
Sze Qi to second
Runner from 3rd tries for Home, SAFE, no throw by CF
Batting: RHB Jesús Méndez 0-0: Swinging Strike
0-1: Foul Ball, location: 2F
0-2: Ball
1-2: Fly out, F8 (Flyball, 8RS, EV 88.1 MPH)
Bottom of the 6th over - 6 runs, 7 hits, 0 errors, 2 left on base; Sunset District 0 - Ellenburg 12
TOP OF THE 7TH
Sunset District Fog batting - Pitching for Ellenburg Fighting Dachsunds : LHP Riley Evans
Batting: RHB Nicodemo Nardone 0-0: Ball
1-0: Ball
2-0: Ground out 5-3 (Groundball, 56, EV 81.2 MPH)
Batting: LHB Flint Myers 0-0: Called Strike
0-1: Called Strike
0-2: Foul Ball, location: 2F
0-2: Strikes out swinging
Batting: RHB Denis Taylor 0-0: Ball
1-0: Ground out 5-3 (Groundball, 56S, EV 80.6 MPH)
Top of the 7th over - 0 runs, 0 hits, 0 errors, 0 left on base; Sunset District 0 - Ellenburg 12
BOTTOM OF THE 7TH
Ellenburg Fighting Dachsunds batting - Pitching for Sunset District Fog : RHP Leen van den Bosch
Batting: RHB Kent Potter 0-0: Called Strike
0-1: Ball
1-1: SINGLE (Line Drive, 4M, EV 99.4 MPH)
Batting: LHB Javier Castro 0-0: Called Strike
0-1: Ball
1-1: Ball
2-1: Swinging Strike
2-2: Foul Ball, location: 2F
2-2: Strikes out looking
Batting: SHB Adam Clements 0-0: Ball
1-0: Foul Ball, location: 2F
1-1: Fly out, F8 (Flyball, 8RS, EV 86.2 MPH)
Pinch Hitting: LHB Bill O'Halloran 0-0: Ball
1-0: Called Strike
1-1: Foul Ball, location: 2F
1-2: DOUBLE (Line Drive, 78M, EV 88.8 MPH)
Kent Potter to third
Runner from 3rd tries for Home, SAFE, no throw by LF
Batting: RHB Jesse Garrett 0-0: Foul Ball, location: 2F
0-1: Foul Ball, location: 2F
0-2: Hit by Pitch
Pitching: LHP Nick Joseph
Batting: LHB Wyatt Quick 0-0: Ball
1-0: Swinging Strike
1-1: Fielders Choice at 2nd, 6-4 (Groundball, 6, EV 105.6 MPH)
Bottom of the 7th over - 1 run, 2 hits, 0 errors, 2 left on base; Sunset District 0 - Ellenburg 13
TOP OF THE 8TH
Sunset District Fog batting - Pitching for Ellenburg Fighting Dachsunds : LHP Riley Evans
Now in RF: Joseph Wallace
Batting: LHB Jorge Peniche 0-0: Ball
1-0: Swinging Strike
1-1: Fly out, F1 (Popup, P, EV 76.2 MPH)
Batting: LHB Dan Hines 0-0: Swinging Strike
0-1: Ball
1-1: Ball
2-1: Called Strike
2-2: Foul Ball, location: 2F
2-2: Foul Ball, location: 2F
2-2: Ball
3-2: SINGLE (Groundball, 34D, EV 106.2 MPH)
Batting: LHB Juan Fuentes 0-0: Called Strike
0-1: Swinging Strike
0-2: Ball
1-2: Foul Ball, location: 2F
1-2: Foul Ball, location: 2F
1-2: Strikes out swinging
Batting: SHB Rafael Bregonzi 0-0: Foul Ball, location: 2F
0-1: Ground out 5-3 (Groundball, 5S, EV 89.4 MPH)
Top of the 8th over - 0 runs, 1 hit, 0 errors, 1 left on base; Sunset District 0 - Ellenburg 13
BOTTOM OF THE 8TH
Ellenburg Fighting Dachsunds batting - Pitching for Sunset District Fog : LHP Nick Joseph
Batting: RHB Sze Qi 0-0: Foul Ball, location: 2F
0-1: SINGLE (Groundball, 6, EV 106.2 MPH) (infield hit)
Batting: RHB Dean Bush 0-0: Called Strike
0-1: Swinging Strike
0-2: Ball
1-2: Fielders Choice at 2nd, 3-6 (Groundball, 34, EV 80.0 MPH)
Pinch Hitting: RHB Zhen-bang Kwan 0-0: Called Strike
0-1: Foul Ball, location: 2F
0-2: Foul Ball, location: 2F
0-2: Foul Ball, location: 2F
0-2: Ball
1-2: Strikes out swinging
Batting: RHB Kent Potter 0-0: Ball
1-0: Foul Ball, location: 2F
1-1: SINGLE (Line Drive, 56, EV 98.1 MPH)
Dean Bush to second
Batting: LHB Javier Castro 0-0: Ball
1-0: Called Strike
1-1: Ball
2-1: Foul Ball, location: 2F
2-2: DOUBLE (Line Drive, 9LM, EV 110.0 MPH)
Dean Bush scores
Kent Potter to third
Runner from 3rd tries for Home, SAFE, throw by RF to trailing runner, SAFE at third!
Batting: SHB Adam Clements 0-0: Called Strike
0-1: Ball
1-1: Foul Ball, location: 2F
1-2: DOUBLE (Line Drive, 9LS, EV 94.4 MPH)
Javier Castro scores
Batting: LHB Joseph Wallace 0-0: Ball
1-0: Foul Ball, location: 2F
1-1: Ball
2-1: Swinging Strike
2-2: Foul Ball, location: 2F
2-2: Ball
3-2: Strikes out swinging
Bottom of the 8th over - 3 runs, 4 hits, 0 errors, 1 left on base; Sunset District 0 - Ellenburg 16
TOP OF THE 9TH
Sunset District Fog batting - Pitching for Ellenburg Fighting Dachsunds : LHP Riley Evans
Now at SS: Zhen-bang Kwan
Batting: RHB A.T. Tappman 0-0: Swinging Strike
0-1: Ball
1-1: Ball
2-1: Fly out, F8 (Flyball, 8RS, EV 94.4 MPH)
Batting: LHB Bradley Wilson 0-0: Called Strike
0-1: SINGLE (Groundball, 3D, EV 105.0 MPH)
Batting: RHB Nicodemo Nardone 0-0: Ball
1-0: Called Strike
1-1: Called Strike
1-2: Fly out, F2 (Popup, 23F, EV 86.9 MPH)
Batting: LHB Flint Myers 0-0: Ball
1-0: Ball
2-0: Swinging Strike
2-1: Ball
3-1: Base on Balls
Bradley Wilson to second
Batting: RHB Denis Taylor 0-0: Called Strike
0-1: Ball
1-1: Foul Ball, location: 2F
1-2: Ball
2-2: Fielders Choice at 2nd, 6-4 (Groundball, 6, EV 99.4 MPH)
Top of the 9th over - 0 runs, 1 hit, 0 errors, 2 left on base; Sunset District 0 - Ellenburg 16
Friday, March 26th, 2021 - OOTP Baseball 20.8 Build 74